 Dungeon Crawl Stone Soup version 0.21.1-1-g345015f (webtiles) character file.

154 Jawreze the Firebug (level 5, -2/35 HPs)
             Began as a Demonspawn Fire Elementalist on May 30, 2018.
             Slain by an orc
             ... wielding a cursed -2 trident
              (9 damage)
             ... on level 3 of the Dungeon.
             The game lasted 00:08:56 (3198 turns).

Jawreze the Firebug (Demonspawn Fire Elementalist)  Turns: 3198, Time: 00:08:56

Health: -2/35      AC:  2    Str:  9    XL:     5   Next: 13%
Magic:  0/9        EV: 12    Int: 17    God:
Gold:   48         SH:  0    Dex: 13    Spells: 3/9 levels left

rFire    . . .     SeeInvis .   i - +0 dagger
rCold    . . .     Gourm    .   (no shield)
rNeg     . . .     Faith    .   a - +0 robe
rPois    .         Spirit   +   (helmet restricted)
rElec    .         Reflect  .   (no cloak)
rCorr    .         Harm     .   (no gloves)
MR       .....                  (no boots)
Stlth    ++........             (no amulet)
HPRegen  0.11/turn              (no ring)
MPRegen  0.11/turn              (no ring)

@: no status effects
A: horns 1, magic shield
a: no special abilities


You were on level 3 of the Dungeon.
You were not hungry.

You visited 1 branch of the dungeon, and saw 3 of its levels.

You collected 48 gold pieces.

Inventory:

Hand Weapons
 i - a +0 dagger (weapon)
 k - a +0 morningstar
Missiles
 g - 21 poisoned needles
Armour
 a - a +0 robe (worn)
Scrolls
 d - 2 scrolls of teleportation {unknown}
 f - 2 scrolls of identify {unknown}
 h - a scroll of random uselessness {unknown}
 j - a scroll of magic mapping {unknown}
 n - a scroll of fear {unknown}
Potions
 e - a potion of curing {unknown}
 o - a potion of heal wounds {unknown}
Books
 b - a book of Flames

   Spells                             Type                      Level
   a - Flame Tongue                   Conjuration/Fire             1
   b - Throw Flame                    Conjuration/Fire             2
   c - Conjure Flame                  Conjuration/Fire             3
   d - Inner Flame                    Hexes/Fire                   3
   e - Sticky Flame                   Conjuration/Fire             4
   f - Fireball                       Conjuration/Fire             5
 l - a book of Changes

   Spells                             Type                      Level
   a - Beastly Appendage              Transmutation                1
   b - Sticks to Snakes               Transmutation                2
   c - Spider Form                    Transmutation/Poison         3
   d - Ice Form                       Ice/Transmutation            4
   e - Blade Hands                    Transmutation                5
Comestibles
 c - 6 rations
 m - 3 chunks of flesh


   Skills:
 + Level 0.4 Maces & Flails
 - Level 1.7 Dodging
 - Level 1.7 Stealth
 + Level 2.9 Spellcasting
 + Level 2.5 Conjurations
 * Level 4.2 Fire Magic


You had 3 spell levels left.
You knew the following spells:

 Your Spells              Type           Power        Failure   Level  Hunger
a - Flame Tongue          Conj/Fire      ##...        4%          1    #......
b - Throw Flame           Conj/Fire      ##....       7%          2    ##.....
c - Conjure Flame         Conj/Fire      ##......     13%         3    ###....


Dungeon Overview and Level Annotations

Branches:
Dungeon (3/15)

Altars:


Innate Abilities, Weirdness & Mutations

You have a pair of small horns on your head.
When hurt, damage is shared between your health and your magic reserves.


Message History

You completely miss the orc. You headbutt the orc, but do no damage.
The orc is almost dead.
The orc misses you.
You barely miss the orc. You headbutt the orc, but do no damage.
The orc is almost dead.
The orc hits you with a trident!
You barely miss the orc. Your headbutt misses the orc.
The orc is almost dead.
The orc hits you with a trident!
* * * LOW HITPOINT WARNING * * *
Casting: Flame Tongue
Confirm with . or Enter, or press ? or * to list all spells.
You don't have enough magic to cast that spell.
You hit the orc but do no damage. Your headbutt misses the orc.
The orc is almost dead.
The orc misses you.
You hit the orc but do no damage.
The orc is almost dead.
The orc hits you with a trident!
You die...

#. #..........# #.#
#.........#.# #.#
#......... ######.####
##(....#. #......>..#
#..###.# #.........#
###.## #.........###...#
#......<..o....##
#......(.@##.#.......
#####....)....#..########
#.........#####.##
#.........####..#
#.........##...##
#....รท..<....###
#.........####
#.....(...# #.........#


You could see an orc.

Vanquished Creatures
  Terence (D:2)
  A gnoll (D:1)
  4 adders
  A worm (D:2)
  A dart slug (D:2)
  5 orcs
  10 bats
  3 giant cockroaches
  9 goblins
  12 hobgoblins
  3 jackals (D:1)
  8 kobolds
  A ball python (D:1)
  3 frilled lizards
  8 rats
70 creatures vanquished.

Notes
Turn   | Place    | Note
-------+----------+-------------------------------------------
     0 | D:1      | Jawreze the Demonspawn Fire Elementalist began the quest for the Orb.
     0 | D:1      | Reached XP level 1. HP: 13/13 MP: 3/3
   219 | D:1      | Reached skill level 3 in Fire Magic
   223 | D:1      | Gained mutation: You have a pair of small horns on your head. [demonic ancestry]
   223 | D:1      | Reached XP level 2. HP: 17/19 MP: 0/5
   667 | D:1      | Gained mutation: When hurt, damage is shared between your health and your magic reserves. [demonic ancestry]
   667 | D:1      | Reached XP level 3. HP: 24/24 MP: 0/6
  1216 | D:1      | Learned a level 2 spell: Throw Flame
  1973 | D:2      | Reached XP level 4. HP: 30/30 MP: 1/7
  2142 | D:2      | Noticed Terence
  2155 | D:2      | Killed Terence
  2155 | D:2      | Reached skill level 4 in Fire Magic
  2363 | D:2      | Learned a level 3 spell: Conjure Flame
  2973 | D:2      | Reached XP level 5. HP: 32/35 MP: 2/9
  3198 | D:3      | Slain by an orc

Skill      XL: |  1  2  3  4 |
---------------+-------------+-----
Fire Magic     | 3 4 |  4.2
Conjurations   | 2 |  2.5
Maces & Flails | |  0.4
Dodging        | |  1.7
Stealth        | |  1.7
Spellcasting   | |  2.9

Action                   |  1- 3 |  4- 6 || total
-------------------------+-------+-------++-------
Melee: Unarmed           |     8 |       ||     8
       Dagger            |    15 |    24 ||    39
       Headbutt          |     3 |     5 ||     8
 Cast: Flame Tongue      |    65 |    39 ||   104
       Throw Flame       |     5 |    13 ||    18
       Conjure Flame     |       |     1 ||     1
  Eat: Chunk             |     4 |     5 ||     9
Armor: Robe              |    11 |     2 ||    13
Dodge: Dodged            |    31 |    25 ||    56
